 Seeded DCSS version 0.30.0-10-gfe55d96785 (webtiles) character file.

Game seed: 10090500252402427320 (custom seed)

640 GigaChad the Firebug (level 7, -5/35 HPs)
             Began as a Vine Stalker Fire Elementalist on May 15, 2023.
             Was an Initiate of Vehumet.
             Slain by Grinder (6 damage)
             ... on level 5 of the Dungeon.
             The game lasted 00:11:51 (5750 turns).

GigaChad the Firebug (VSFE)                         Turns: 5750, Time: 00:11:51

Health: -5/35      AC:  2    Str: 16    XL:     7   Next: 51%
Magic:  0/24       EV: 11    Int: 19    God:    Vehumet [......]
Gold:   307        SH: 14    Dex: 21    Spells: 12/15 levels left

rFire   . . .        v - +0 falchion
rCold   . . .        h - +6 kite shield of the Threshing Gods {Str+5 Dex+2}
rNeg    . . .        a - +0 robe
rPois   .            (no helmet)
rElec   .            (no cloak)
rCorr   .            (no gloves)
SInv    .            (no boots)
Will    .....        (no amulet)
Stlth   ++           m - ring "Binigit" {MP+9 Int+2 Dex+5 Stlth-}
HPRegen 1.05/turn    (no ring)
MPRegen 0.19/turn

%: guardian spirit
@: no status effects
A: fangs 2, regeneration 1, magic shield, antimagic bite, no potion heal 2
a: Renounce Religion


You were on level 5 of the Dungeon.
You worshipped Vehumet.
Vehumet was noncommittal.
You visited 2 branches of the dungeon, and saw 6 of its levels.
You also visited: Ossuary.

You collected 307 gold pieces.

Inventory:

Hand Weapons
 d - a +0 short sword
 v - a +0 falchion (weapon)
Armour
 a - a +0 robe (worn)
 h - the +6 kite shield of the Threshing Gods (worn) {Str+5 Dex+2}
   (You acquired it on level 1 of the Dungeon)

   Str:       It affects your strength (+5).
   Dex:       It affects your dexterity (+2).
Jewellery
 m - the ring "Binigit" (left hand) {MP+9 Int+2 Dex+5 Stlth-}
   (You acquired it on level 2 of the Dungeon)

   [ring of magical power]

   Int:       It affects your intelligence (+2).
   Dex:       It affects your dexterity (+5).
   MP:        It affects your magic capacity (+9).
   Stlth:     It makes you less stealthy.
Scrolls
 f - a scroll of fog {unknown}
 g - 5 scrolls of identify {unknown}
 j - 2 scrolls of teleportation
 n - a scroll of brand weapon {unknown}
 p - a scroll of silence {unknown}
 r - a scroll of enchant weapon {unknown}
 t - a scroll of vulnerability {unknown}
 u - a scroll of magic mapping {unknown}
 w - a scroll of enchant armour {unknown}
Potions
 b - 4 potions of magic
 c - 3 potions of flight {unknown}
 e - 3 potions of brilliance {unknown}
 i - 3 potions of might {unknown}
 k - 2 potions of haste {unknown}
 l - 2 potions of heal wounds {unknown}
 o - 3 potions of invisibility
 q - 4 potions of curing {unknown}
 s - a potion of lignification {unknown}


   Skills:
 * Level 2.0 Fighting
 * Level 1.1 Long Blades
 * Level 1.9 Armour
 + Level 2.2 Dodging
 * Level 3.9 Stealth
 * Level 4.9 Spellcasting
 - Level 1.0 Conjurations
 * Level 4.9 Fire Magic


You had 12 spell levels left.
You knew the following spells:

 Your Spells              Type           Power      Damage    Failure   Level
a - Foxfire               Conj/Fire      64%        2x1d7     13%         1
b - Scorch                Fire           46%        2d7       9%          2

Your spell library contained the following spells:

 Spells                   Type           Power      Damage    Failure   Level
 Apportation              Tloc           8%         N/A       41%         1
 Necrotise                Necr           16%        1d4       41%         1
 Summon Small Mammal      Summ           16%        N/A       41%         1
 Inner Flame              Hex/Fire       14%        N/A       43%         3
 Volatile Blastmotes      Fire/Tloc      28%        2d12      43%         3
 Ensorcelled Hibernation  Hex/Ice        8%         N/A       54%         2
 Flame Wave               Conj/Fire      16%        2d7       77%         4
 Spider Form              Tmut/Pois      4%         N/A       78%         3
 Anguish                  Hex/Necr       2%         N/A       99%         4
 Cause Fear               Hex            2%         N/A       99%         4
 Dragon Form              Tmut           2%         N/A       100%        7
 Dragon's Call            Summ           2%         N/A       100%        9


Dungeon Overview and Level Annotations

Branches:
Dungeon (5/15)             Temple (1/1) D:4         Ossuary (visited)

Altars:
Ashenzari
Dithmenos
Elyvilon
Fedhas
Gozag
Hepliaklqana
Kikubaaqudgha
Nemelex Xobeh
Qazlal
Ru
Trog
Uskayaw
Vehumet
Wu Jian
Xom
Yredelemnul
Zin
The Shining One

Shops:
D:5 [

Annotations:
D:2 1 runed translucent door, Crazy Yiuf
D:5 Grinder


Innate Abilities, Weirdness & Mutations

You have extremely sharp teeth.
Your natural rate of healing is unusually fast.
When hurt, damage is shared between your health and your magic reserves.
Your bite disrupts and absorbs the magic of your enemies.
Potions cannot restore your health.


Message History

Pain shoots through your body!
You miscast Foxfire.
You are very lightly contaminated with residual magic.
Nothing appears to happen.
You suddenly lose the ability to move!
Something hits you.
You writhe in agony.
Something hits you.
You can move again.
Your magical contamination has completely faded away.
You suddenly lose the ability to move!
Something hits you. Something hits you.
You writhe in agony.
Something hits you.
You writhe in agony.
You can move again.
Something barely misses you.
You miss something. Your bite misses something. Something hits you.
Unknown command.
There is a strange disturbance nearby!
You miss something. You block something's attack. Something hits you.
You writhe in agony.
Unknown command.
You barely miss something.
Something tries to affect you, but you resist.
Unknown command.
There is a strange disturbance nearby!
Unknown command.
You barely miss something. Something hits you!
There is a strange disturbance nearby!
You closely miss something. You bite something. You drain its magic.
You feel invigorated. Something hits you!
* * * LOW HITPOINT WARNING * * *
You writhe in agony.
* * * LOW HITPOINT WARNING * * *
Something hits you.
* * * LOW HITPOINT WARNING * * *
You writhe in agony.
* * * LOW HITPOINT WARNING * * *
You hit something. You bite something. Something hits you.
* * * LOW HITPOINT WARNING * * *
You writhe in agony.
You die...

#.#########
#....{@...#
#########.#
#.....#
#########.###.#
#...<..##.# ###
###.##.##.#
#.##.##.#
#.##.##.#
#.##..#.#


There were no monsters in sight!

Vanquished Creatures
  Menkaure (D:5)
  A phantom (D:5)
  A centaur zombie (Ossuary)
  A human zombie (Ossuary)
  A jelly (D:3)
  A hound (D:5)
  3 iguanas
  A sleepcap (D:5)
  6 mummies (Ossuary)
  5 adders
  A white imp (D:5)
  2 worms (D:3)
  A dart slug (D:5)
  9 orcs
  4 bats
  2 endoplasms (D:4)
  3 giant cockroaches
  6 goblins
  7 hobgoblins
  4 quokkas
  3 ball pythons
  2 frilled lizards (D:1)
  A gnoll zombie (Ossuary)
  6 kobolds
  4 kobold zombies (Ossuary)
  An orc zombie (Ossuary)
  4 rats
81 creatures vanquished.

Vanquished Creatures (collateral kills)
  2 foxfires (D:3)
2 creatures vanquished.

Vanquished Creatures (others)
  305 foxfires
305 creatures vanquished.

Grand Total: 388 creatures vanquished

Notes
Turn   | Place    | Note
-------+----------+-------------------------------------------
     0 | D:1      | GigaChad the Vine Stalker Fire Elementalist began the quest
                  | for the Orb.
     0 | D:1      | Reached XP level 1. HP: 9/9 MP: 4/4
   418 | D:1      | Reached XP level 2. HP: 5/13 MP: 6/6
  1294 | D:1      | Identified a scroll of acquirement
  1294 | D:1      | Acquired the +6 kite shield of the Threshing Gods {Str+5
                  | Dex+2}
  1773 | D:2      | Found a sparkling altar of Nemelex Xobeh.
  1790 | D:2      | Acquired the ring "Binigit" {MP+9 Int+2 Dex+5 Stlth-}
  1938 | D:2      | Found a runed translucent door.
  1939 | D:2      | Noticed Crazy Yiuf
  2007 | D:3      | Reached XP level 3. HP: 17/17 MP: 7/7
  2393 | D:3      | Learned a level 2 spell: Scorch
  2544 | D:3      | Reached skill level 1 in Fighting
  2544 | D:3      | Reached skill level 1 in Armour
  2544 | D:3      | Gained mutation: Your natural rate of healing is unusually
                  | fast. [Vine Stalker growth]
  2544 | D:3      | Reached XP level 4. HP: 16/22 MP: 9/9
  2790 | D:3      | Found a basalt altar of Yredelemnul.
  3028 | D:4      | Found a sand-covered staircase.
  3057 | Ossuary  | Entered an ossuary
  3178 | Ossuary  | Reached XP level 5. HP: 22/25 MP: 9/11
  3462 | Ossuary  | Reached XP level 6. HP: 30/30 MP: 12/12
  3892 | D:4      | Identified the +5 ring mail "Dyhon" {rN+ Str+4 Dex-3}
  3955 | D:4      | Found a staircase to the Ecumenical Temple.
  3969 | Temple   | Entered the Ecumenical Temple
  4103 | Temple   | Became a worshipper of Vehumet
  4654 | D:5      | Entered Level 5 of the Dungeon
  4838 | D:5      | Found an opulent altar of Gozag.
  4878 | D:5      | Noticed Menkaure
  4886 | D:5      | Killed Menkaure
  4887 | D:5      | Reached XP level 7. HP: 35/35 MP: 15/15
  5045 | D:5      | Found Yggoapn's Antique Armour Shoppe.
  5418 | D:5      | Reached skill level 1 in Long Blades
  5727 | D:5      | Noticed Grinder
  5732 | D:5      | Paralysed by something for 4 turns
  5739 | D:5      | Paralysed by something for 5 turns
  5750 | D:5      | HP: 1/35 [something (2)]
  5750 | D:5      | Slain by Grinder

Illustrated notes

Levels and vault maps discovered:
D:1:      nzn_arrival_settlement, layout_loops_corners, serial_bayou_ford_a,
          nicolae_kite_square_tiling_tiny
D:2:      layout_basic, basic_altar, uniq_crazy_yiuf_cottage
D:3:      layout_basic, mainiacjoe_overflow_brackets, minmay_hedge_maze
D:4:      layout_basic, temple_hall, chequers_ossuary_entry_cave
D:5:      layout_basic, mainiacjoe_overflow_paths, grunt_gozag_statues,
          serial_shops, shop, dreamdust_wishing_well, minmay_lizard_king,
          uniq_grinder, uniq_menkaure
Temple:   eino_temple_scatter_basement

Skill      XL: |  1  2  3  4  5  6  7 |
---------------+----------------------+-----
Fighting       | 1 2 |  2.0
Armour         | 1 |  1.9
Spellcasting   | 3 4 |  4.9
Stealth        | 3 |  3.9
Fire Magic     | 4 |  4.9
Dodging        | 2 |  2.2
Long Blades    | 1 |  1.1
Conjurations   | |  1.0

Action                     |  1- 3 |  4- 6 |  7- 9 || total
---------------------------+-------+-------+-------++-------
  Melee: Short sword       |    71 |    67 |       ||   138
         Bite              |    23 |    37 |    16 ||    76
         Falchion          |       |    25 |    34 ||    59
   Cast: Foxfire           |    67 |   139 |    16 ||   222
    Use: Scroll            |     3 |       |       ||     3
 Armour: Robe              |     6 |    20 |     1 ||    27
  Dodge: Dodged            |    32 |    56 |    15 ||   103
  Block: Kite shield       |    52 |   126 |    24 ||   202
